 Dungeon Crawl Stone Soup version 0.28.0-45-g0d030f2227 (webtiles) character file.

Game seed: 5288855752293112849

587 NinjaNoafa the Skirmisher (level 7, -5/61 HPs)
             Began as a Hill Orc Fighter on Apr 6, 2022.
             Was a Follower of Beogh.
             Slain by a gnoll
             ... wielding a +0 spear of pain
              (6 damage)
             ... on level 4 of the Dungeon.
             The game lasted 00:11:08 (4040 turns).

NinjaNoafa the Skirmisher (Hill Orc Fighter)        Turns: 4040, Time: 00:11:08

Health: -5/61      AC:  0    Str: 21    XL:     7   Next: 38%
Magic:  4/9        EV: 13    Int:  8    God:    Beogh [*.....]
Gold:   187        SH:  0    Dex: 10    Spells: 6/6 levels left

rFire   . . .      SeeInvis .   (weapon currently unavailable)
rCold   . . .      Faith    .   (shield currently unavailable)
rNeg    . . .      Spirit   .   (armour currently unavailable)
rPois   .          Reflect  .   (helmet currently unavailable)
rElec   .          Harm     .   (cloak currently unavailable)
rCorr   .          Rampage  .   (gloves currently unavailable)
Will    .....                   (boots currently unavailable)
Stlth   +.........              (no amulet)
HPRegen 0.20/turn               (ring currently unavailable)
MPRegen 0.11/turn               (ring currently unavailable)

@: mighty, pig-form (expiring), invisible, very quick
A: fast, no casting, small
a: Renounce Religion


You were on level 4 of the Dungeon.
You worshipped Beogh.
Beogh was aware of your devotion.
You were a filthy swine.
You visited 1 branch of the dungeon, and saw 4 of its levels.

You collected 187 gold pieces.

Inventory:

Hand Weapons
 a - a +0 war axe
 d - the +5 mace "Koasomyt" (melded) {antimagic, rElec rF- Str+8 Int+4}
   (You took it off a gnoll on level 2 of the Dungeon)

   It reduces the magical energy of the wielder, and disrupts the spells and
   magical abilities of those it strikes.
   Natural abilities and divine invocations are not affected.
   Str:       It affects your strength (+8).
   Int:       It affects your intelligence (+4).
   rF:        It makes you vulnerable to fire.
   rElec:     It insulates you from electricity.
 e - a +5 dagger of venom
 q - a +2 flail of protection
Missiles
 f - 4 boomerangs of dispersal
 j - 125 stones
 m - 4 boomerangs (quivered)
 o - 4 poisoned darts
 s - a throwing net
Armour
 c - a +0 buckler (melded)
 n - the +0 pair of gloves "Feeng" (melded) {Drain Int+4 Slay+2}
   (You found it on level 3 of the Dungeon)

   Int:       It affects your intelligence (+4).
   Slay:      It affects your accuracy & damage with ranged weapons and melee
   (+2).
   Drain:     It drains your maximum health when unequipped.
 p - a +0 robe of cold resistance
 v - a +2 ring mail of fire resistance (melded)
Jewellery
 w - a +4 ring of evasion
Wands
 b - a wand of polymorph (6)
Scrolls
 g - 2 scrolls of silence {unknown}
 h - a scroll of enchant weapon {unknown}
 i - a scroll of torment {unknown}
 k - a scroll of fog {unknown}
 t - a scroll of enchant armour {unknown}
 u - a scroll of noise {unknown}
Potions
 r - a potion of might


   Skills:
 - Level 5.0 Fighting
 - Level 3.3(4.3) Axes
 * Level 3.5(4.0) Maces & Flails
 - Level 5.0 Armour
 + Level 4.9 Shields
 - Level 2.1 Necromancy
 * Level 3.0 Invocations


You had 6 spell levels left.
You didn't know any spells.
Your spell library contained the following spells:

 Spells                   Type           Power      Damage    Failure   Level
 Pain                     Necr           12%        1d4       19%         1
 Gell's Gravitas          Tloc           0%         N/A       78%         3
 Lesser Beckoning         Tloc           0%         N/A       78%         3
 Stone Arrow              Conj/Erth      0%         3d7       78%         3
 Teleport Other           Tloc           0%         N/A       78%         3
 Animate Armour           Summ/Erth      0%         N/A       99%         4
 Agony                    Necr           3%         N/A       99%         5
 Excruciating Wounds      Necr           1%         N/A       99%         5
 Lehudib's Crystal Spear  Conj/Erth      0%         10d2      100%        8


Dungeon Overview and Level Annotations

Branches:
Dungeon (4/15)
 Temple: D:4-7

Altars:
Ashenzari

Annotations:
D:4 1 transporter


Message History

The gnoll hits you from afar with a +0 spear of pain.
You closely miss the gnoll.
The gnoll is almost dead.
The gnoll zaps a wand.
You turn into a filthy swine.
The +5 mace "Koasomyt" {antimagic, rElec rF- Str+8 Int+4} melds into your body.
The +0 pair of gloves "Feeng" {Drain Int+4 Slay+2} melds into your body.
Your +0 buckler melds into your body.
Your +2 ring mail of fire resistance melds into your body.
You feel magic returning to you.
You feel less resistant to fire. The gnoll barely misses you.
You closely miss the gnoll.
The gnoll is almost dead.
The gnoll hits you with a +0 spear. The gnoll barely misses you.
You bite the gnoll!
You kill the gnoll!
Beogh accepts your kill. The gnoll misses you.
Things that are here:
a +0 spear; a wand of polymorph (6)
Items here: $ ( ) =.
The gnoll hits you with a +0 spear of pain.
Things that are here:
a +0 spear; a wand of polymorph (6)
b - a wand of polymorph (6)
The gnoll hits you from afar with a +0 spear.
The gnoll hits you with a +0 spear of pain.
* * * LOW HITPOINT WARNING * * *
You writhe in agony.
* * * LOW HITPOINT WARNING * * *
The gnoll hits you from afar with a +0 spear of pain!
* * * LOW HITPOINT WARNING * * *
Items here: $ ( ) =.
s - a throwing net;
w - a +4 ring of evasion You now have 187 gold pieces (gained 43).
The gnoll hits you from afar with a +0 spear of pain!
* * * LOW HITPOINT WARNING * * *
You fade into invisibility!
Your transformation is almost over.
The gnoll barely misses you.
The gnoll hits you from afar with a +0 spear of pain.
You die...

#.............................
#.≈≈≈≈≈≈≈≈≈≈≈≈≈≈≈≈≈≈≈≈≈≈≈≈≈.##
#.≈≈≈≈≈≈≈≈≈≈≈≈≈≈≈≈≈≈≈≈≈≈≈≈≈.#
#.≈≈#####...........#####≈≈.##
#.≈≈#.#.#.###.©.###.#.#g#≈≈..#
#.≈≈#...###©#####.###...#≈≈..#
#.≈≈###.....g...... ..###≈≈...
#.≈≈.8#.##'###'######.#8.≈≈.##
#.≈≈.##.#...#h.8# ..#.##.≈≈.##
#.≈≈.#..'..g).©⌠# .'.g#.≈≈..#
#.≈≈.##.#..P#g)8# ..#.##.≈≈..#
#.≈≈.8#.##'###'###### #8.≈≈...
#.≈≈###............ ..###≈≈..#
#.≈≈#...###|#####.###...#≈≈.##
##.≈≈#.#.#.###.©.###.#.#.#≈≈.#
#..≈≈#####..)........#####≈≈.#
#..≈≈≈≈≈≈≈≈≈≈≈...≈≈≈≈≈≈≈≈≈≈≈.##


You could see 2 gnolls.

Vanquished Creatures
  Duvessa (D:4)
  A necrophage (D:4)
  Dowan (D:4)
  A centaur skeleton (D:4)
  An orc wizard (D:3)
  The ghost of Vizrt the Sneak, a weakling DjDe (D:4)
  A mummy (D:4)
  7 gnolls
  5 adders
  2 howler monkey skeletons (D:4)
  An ufetubus (D:4)
  3 worms
  2 dart slugs
  8 orcs (D:3)
  5 ball pythons
  6 endoplasms
  4 giant cockroaches (D:1)
  13 goblins
  9 hobgoblins
  5 jackals
  2 quokkas (D:1)
  A bat (D:1)
  9 frilled lizards
  2 hobgoblin zombies (D:4)
  11 kobolds
  2 kobold zombies (D:4)
  11 rats
115 creatures vanquished.

Vanquished Creatures (others)
  2 orcs (D:3)
  25 plants
27 creatures vanquished.

Grand Total: 142 creatures vanquished

Notes
Turn   | Place    | Note
-------+----------+-------------------------------------------
     0 | D:1      | NinjaNoafa the Hill Orc Fighter began the quest for the
                  | Orb.
     0 | D:1      | Reached XP level 1. HP: 19/19 MP: 1/1
    67 | D:1      | Reached XP level 2. HP: 11/27 MP: 2/2
   409 | D:1      | Reached XP level 3. HP: 33/33 MP: 3/3
  1141 | D:2      | Found a faded altar of an unknown god.
  1192 | D:2      | Reached XP level 4. HP: 27/40 MP: 4/4
  1741 | D:2      | Identified the +5 mace "Koasomyt" {antimagic, rElec rF-
                  | Str+8 Int+4}
  1766 | D:2      | Reached skill level 1 in Necromancy
  2377 | D:3      | Reached XP level 5. HP: 42/47 MP: 1/5
  2480 | D:3      | Identified the +0 pair of gloves "Feeng" {Drain Int+4
                  | Slay+2}
  2521 | D:3      | Became a worshipper of Beogh the Brigand
  2768 | D:3      | Reached skill level 1 in Maces & Flails
  2970 | D:4      | Noticed a necrophage
  2980 | D:4      | Killed a necrophage
  2980 | D:4      | Reached * piety under Beogh
  2981 | D:4      | Reached XP level 6. HP: 41/55 MP: 2/6
  2990 | D:4      | Found a transporter.
  3118 | D:4      | Found a broken altar of Ashenzari.
  3341 | D:4      | Reached skill level 5 in Fighting
  3341 | D:4      | Reached skill level 1 in Invocations
  3512 | D:4      | Noticed Duvessa
  3513 | D:4      | Noticed Dowan
  3515 | D:4      | Killed Dowan
  3528 | D:4      | Killed Duvessa
  3529 | D:4      | Reached XP level 7. HP: 12/61 MP: 2/8
  3817 | D:4      | Noticed Vizrt's ghost (weakling DjDe)
  3867 | D:4      | Found a transporter.
  3937 | D:4      | Reached skill level 5 in Armour
  4015 | D:4      | Killed Vizrt's ghost
  4039 | D:4      | HP: 1/61 [gnoll/+0 spear of pain (8)]
  4040 | D:4      | Slain by a gnoll

Illustrated notes

Levels and vault maps discovered:
D:1:      eino_arrival_druids_welcome, layout_basic
D:2:      layout_rooms, hellmonk_ecumenical_altar_crossroads,
          amcnicky_mini_rare_corridor_liquid, kennysheep_cross_room,
          minmay_parallelograms, chequers_big_river, lexackson_kobold_supper
D:3:      minmay_chambers_of_twos, layout_rooms, grunt_ministairs_3
D:4:      layout_loops_cross, ashenzari_altar_1, gammafunk_ghost_gnarly_gnolls,
          solitary_fountain, kennysheep_nondescript,
          chequers_serial_rivers_large_a, minmay_mini_ossuary, uniq_duvessa

Skill      XL: |  1  2  3  4  5  6  7 |
---------------+----------------------+-----
Fighting       | 4 5 |  5.0
Axes           | 3 |  3.3
Armour         | 4 5 |  5.0
Shields        | 4 |  4.9
Necromancy     | 1 2 |  2.1
Maces & Flails | 2 3 |  3.5
Invocations    | 2 3 |  3.0

Action                   |  1- 3 |  4- 6 |  7- 9 || total
-------------------------+-------+-------+-------++-------
Melee: War axe           |   124 |    19 |       ||   143
       Mace              |       |   121 |    19 ||   140
       Unarmed           |       |       |     5 ||     5
Throw: Boomerang         |       |    17 |       ||    17
Invok: Convert to Beogh  |       |     1 |       ||     1
  Use: Potion            |       |    10 |     3 ||    13
Armor: Scale mail        |    54 |    61 |       ||   115
       Ring mail         |       |     2 |     9 ||    11
       Skin              |       |       |     9 ||     9
Dodge: Dodged            |    82 |    74 |    35 ||   191
Block: Buckler           |    25 |    23 |     6 ||    54
